 Dungeon Crawl Stone Soup version 0.17-a0-1197-g2d00c63 (webtiles) character file.

25 Gruud the Chiller (level 2, -1/19 HPs)
             Began as a Demonspawn Ice Elementalist on June 2, 2015.
             Slain by Natasha (5 damage)
             ... on level 2 of the Dungeon.
             The game lasted 00:03:37 (852 turns).

Gruud the Chiller (Demonspawn Ice Elementalist)      Turns: 852, Time: 00:03:37

Health: -1/19      AC:  3    Str:  8    XL:     2   Next: 86%
Magic:  3/5        EV: 12    Int: 16    God:
Gold:   69         SH:  0    Dex: 13    Spells: 2 memorised, 2 levels left

rFire  . . .     SeeInvis .     a - +0 short sword
rCold  . . .     Clarity  .     g - +0 robe
rNeg   . . .     SustAt   .     (no shield)
rPois  .         Gourm    .     (no helmet)
rElec  .         Spirit   .     (no cloak)
rCorr  .         Warding  .     m - +0 pair of gloves
rMut   .         Stasis   .     (no boots)
MR     .....                    (no amulet)
Stlth  ++........               (no ring)
                                (no ring)

@: very slightly contaminated, slowed, very slow, not resistant to hostile
enchantments, unstealthy
A: spiny 1
a: no special abilities


You were on level 2 of the Dungeon.
You were not hungry.

You visited 1 branch of the dungeon, and saw 2 of its levels.

You collected 69 gold pieces.

Inventory:

Hand weapons
 a - a +0 short sword (weapon)
 b - a +0 hunting sling
Missiles
 q - 35 stones (quivered)
Armour
 g - a +0 robe (worn)
 m - a +0 pair of gloves (worn)
Scrolls
 i - 2 scrolls of identify {unknown}
 l - a scroll of teleportation {unknown}
 o - a scroll of enchant weapon {unknown}
Potions
 e - a potion of haste {unknown}
 h - a potion of resistance
 j - 3 potions of invisibility {unknown}
 k - a potion of brilliance {unknown}
 r - a potion of magic {unknown}
Books
 p - a book of Frost

   Spells                             Type                      Level
   a - Freeze                         Ice                          1
   b - Throw Frost                    Conjuration/Ice              2
   c - Ozocubu's Armour               Charms/Ice                   3
   d - Throw Icicle                   Conjuration/Ice              4
   e - Summon Ice Beast               Ice/Summoning                4
   f - Condensation Shield            Ice                          4
Comestibles
 c - 2 bread rations
 d - 2 fruits
 n - 2 meat rations


   Skills:
 - Level 1.7 Dodging
 - Level 1.7 Stealth
 + Level 2.3 Spellcasting
 - Level 1.0 Conjurations
 * Level 3.4 Ice Magic


You had 2 spell levels left.
You knew the following spells:

 Your Spells              Type           Power        Failure   Level  Hunger
a - Freeze                Ice            ##..         6%          1    #......
b - Throw Frost           Conj/Ice       #.....       14%         2    ###....


Dungeon Overview and Level Annotations

Branches:
Dungeon (2/15)

Altars:

Annotations:
D:2 Natasha


Innate Abilities, Weirdness & Mutations

You are partially covered in sharp spines.


Message History

Natasha casts a spell at you. The magic dart hits you! Natasha claws you.
Natasha mumbles some strange words.
You hit Natasha.
Natasha is moderately wounded.
Natasha casts a spell.
The crimson imp hits you.
* * * LOW HITPOINT WARNING * * *
Unknown command.
Casting: Freeze
Confirm with . or Enter, or press ? or * to list all spells.
Aiming: Throw Frost
Press: ? - help, Shift-Dir - straight line, f - kobold
Aim: a kobold You miscast Throw Frost.
You are very lightly contaminated with residual magic.
Nothing appears to happen.
Natasha barely misses you.
The crimson imp blinks!
Natasha claws you.
You die...

.######(..#####.#.#.##.#
#....... #.........#.#.##.#
####....
###...#######.#.##.#######...
#.......# #.#.##.##........
#.#.h.#.# #......##.#####..
#.#...#.# ###.#####.##.....
#.#.....# ##.## #.##.##.#
#.#####.######...####....##.#
.........#Kh@5..............#
#........#5###...############
##.#.......####.##
#...........##.#
#.#.......#.##.#
##.#....#.#.##.#
........#(.....#
#......###...### ...... #.#.#


You could see an iron imp, Natasha, a crimson imp and a kobold.

Vanquished Creatures
  An ooze (D:1)
  A giant gecko (D:1)
  2 giant cockroaches (D:1)
  3 goblins
  2 hobgoblins (D:1)
  5 bats
  A giant newt (D:1)
  4 rats (D:1)
19 creatures vanquished.

Notes
Turn   | Place    | Note
--------------------------------------------------------------
     0 | D:1      | Gruud the Demonspawn Ice Elementalist began the quest for the Orb.
     0 | D:1      | Reached XP level 1. HP: 13/13 MP: 3/3
   126 | D:1      | Reached skill level 3 in Ice Magic
   232 | D:1      | Gained mutation: You are partially covered in sharp spines. [demonic ancestry]
   232 | D:1      | Reached XP level 2. HP: 7/19 MP: 0/5
   510 | D:1      | Learned a level 2 spell: Throw Frost
   827 | D:2      | Noticed Natasha
   852 | D:2      | Slain by Natasha

Vault maps used:
D:1:      dpeg_arrival_orchard
D:2:      lemuel_coloured_pillars_altar, first_bread, uniq_terence, uniq_natasha

Action                   || total
-------------------------++-------
Melee: Unarmed           ||     5
       Short sword       ||    19
 Cast: Freeze            ||    14
 Stab: Sleeping          ||     1
